 Dungeon Crawl Stone Soup version 0.18.1-47-g9310371 (webtiles) character file.

91 matakusis the Grave Robber (level 4, -6/30 HPs)
             Began as a Demonspawn Necromancer on June 17, 2016.
             Mangled by a gnoll
             ... wielding a +0 halberd
              (14 damage)
             ... on level 2 of the Dungeon.
             The game lasted 00:07:55 (1750 turns).

matakusis the Grave Robber (Demonspawn Necromancer) Turns: 1750, Time: 00:07:55

Health: -6/30      AC:  5    Str:  9    XL:     4   Next: 34%
Magic:  1/8        EV: 12    Int: 17    God:
Gold:   59         SH:  0    Dex: 13    Spells: 3 memorised, 3 levels left

rFire  + . .     SeeInvis .     j - +0 dagger
rCold  . . .     Gourm    .     a - +0 robe
rNeg   . . .     Faith    .     (no shield)
rPois  .         Spirit   .     e - +2 helmet
rElec  .         Dismiss  .     (no cloak)
rCorr  .         Reflect  .     (no gloves)
SustAt .         Harm     .     (no boots)
MR     .....                    (no amulet)
Stlth  ++........               (no ring)
                                (no ring)

@: very slightly contaminated, not resistant to hostile enchantments, unstealthy
A: fire resistance 1, spiny 1
a: no special abilities


You were on level 2 of the Dungeon.
You were hungry.

You visited 1 branch of the dungeon, and saw 2 of its levels.

You collected 59 gold pieces.

Inventory:

Hand Weapons
 j - a +0 dagger (weapon)
Armour
 a - a +0 robe (worn)
 e - a +2 helmet (worn)
Scrolls
 g - 2 scrolls of remove curse
Potions
 f - 2 potions of haste {unknown}
 h - a potion of flight {unknown}
 i - 2 potions of magic
 n - a potion of lignification {unknown}
 q - a potion of curing {unknown}
Books
 b - a book of Necromancy

   Spells                             Type                      Level
   a - Pain                           Necromancy                   1
   b - Animate Skeleton               Necromancy                   1
   c - Vampiric Draining              Necromancy                   3
   d - Regeneration                   Charms/Necromancy            3
   e - Animate Dead                   Necromancy                   4
   f - Control Undead                 Necromancy                   4
Comestibles
 c - 2 bread rations
 d - 2 beef jerkies
 l - 2 meat rations
 o - 2 slices of pizza


   Skills:
 - Level 1.7 Dodging
 - Level 1.7 Stealth
 + Level 3.1 Spellcasting
 + Level 5.6 Necromancy


You had 3 spell levels left.
You knew the following spells:

 Your Spells              Type           Power        Failure   Level  Hunger
a - Pain                  Necr           ###.         1%          1    None
b - Animate Skeleton      Necr           N/A          1%          1    None
c - Animate Dead          Necr           N/A          21%         4    ####...


Dungeon Overview and Level Annotations

Branches:
Dungeon (2/15)

Altars:
Cheibriados
Dithmenos


Innate Abilities, Weirdness & Mutations

Your flesh is heat resistant.
You are partially covered in sharp spines.


Message History

Aim: a gnoll, wielding a halberd (heavily wounded, chance to defeat MR: 86%)
You miscast Pain.
You are very lightly contaminated with residual magic.
Nothing appears to happen.
The gnoll hits you from afar with a halberd.
Casting: Pain
Confirm with . or Enter, or press ? or * to list all spells.
Aiming: Pain
Press: ? - help, Shift-Dir - straight line, f/p - gnoll
Aim: a gnoll, wielding a halberd (heavily wounded, chance to defeat MR: 86%)
The gnoll barely resists.
The gnoll closely misses you.
You see here a leather armour.
Casting: Pain
Confirm with . or Enter, or press ? or * to list all spells.
Aiming: Pain
Press: ? - help, Shift-Dir - straight line, f/p - gnoll
Aim: a gnoll, wielding a halberd (heavily wounded, chance to defeat MR: 86%)
The gnoll convulses in agony!
The gnoll hits you from afar with a halberd!
You die...

.#.#...####..# ...........#.#..
.#.#.#.......#. #......#.#.#.#
.#.#.#######.#. #......#.#.#.#
.#.#.#.....#.#.#####......#.#.#..
.#.#.......#.#....####.####.#.#..
.#.###)#####.#....# #.# #.#.##.
.#.# #.# #.#....####.####.#.##.
...###.#####.#................###
.....).......##.@.####.####.### #
..####.########[..#..#.# #.# #
..'...........g........# #.# #
..####.############..### #.# #
..# #.###### #..# #.#
.#####......# #..# #<#
####......#.# #..# ###
............# #..# ..........###
#..#


You could see a gnoll.

Vanquished Creatures
  2 gnolls (D:2)
  3 adders (D:2)
  A worm (D:2)
  2 dart slugs (D:1)
  7 goblins
  A hobgoblin (D:1)
  2 jackals (D:2)
  5 kobolds
  A ball python (D:2)
  5 bats
  2 giant newts
  5 rats
36 creatures vanquished.

Vanquished Creatures (collateral kills)
  2 worms (D:2)
  A goblin (D:1)
  A rat (D:1)
4 creatures vanquished.

Grand Total: 40 creatures vanquished

Notes
Turn   | Place    | Note
--------------------------------------------------------------
     0 | D:1      | matakusis the Demonspawn Necromancer began the quest for the Orb.
     0 | D:1      | Reached XP level 1. HP: 13/13 MP: 3/3
    54 | D:1      | Learned a level 1 spell: Animate Skeleton
   215 | D:1      | Gained mutation: Your flesh is heat resistant. [demonic ancestry]
   215 | D:1      | Reached XP level 2. HP: 15/19 MP: 0/5
   301 | D:1      | Found a snail-covered altar of Cheibriados.
   462 | D:1      | Reached skill level 5 in Necromancy
   869 | D:2      | Gained mutation: You are partially covered in sharp spines. [demonic ancestry]
   869 | D:2      | Reached XP level 3. HP: 22/24 MP: 2/6
   953 | D:2      | Found a shadowy altar of Dithmenos.
  1399 | D:2      | Reached XP level 4. HP: 23/30 MP: 1/8
  1464 | D:2      | Learned a level 4 spell: Animate Dead
  1750 | D:2      | Mangled by a gnoll

Skill      XL: |  1  2  3 |
---------------+----------+-----
Necromancy     | 5 |  5.6
Spellcasting   | 3 |  3.1
Dodging        | |  1.7
Stealth        | |  1.7

Action                   |  1- 3 |  4- 6 || total
-------------------------+-------+-------++-------
Melee: Dagger            |     1 |     4 ||     5
 Cast: Pain              |    59 |    19 ||    78
       Animate Skeleton  |    14 |       ||    14
       Animate Dead      |       |     3 ||     3
  Use: Scroll            |     4 |       ||     4
 Stab: Sleeping          |     1 |       ||     1
  Eat: Chunk             |     2 |     1 ||     3
Armor: Robe              |     1 |       ||     1
Dodge: Dodged            |     2 |     4 ||     6
